 Dungeon Crawl Stone Soup version 0.30.0-30-g96aa6591b8 (webtiles) character file.

Game seed: 8903112929923213788

5 Chiseanne the Sneak (level 1, -1/16 HPs)
             Began as an Octopode Delver on June 29, 2023.
             Slain by an orc
             ... wielding a +0 whip
              (5 damage)
             ... on level 3 of the Dungeon.
             The game lasted 00:00:54 (100 turns).

Chiseanne the Sneak (Octopode Delver)                Turns: 100, Time: 00:00:54

Health: -1/16      AC:  1    Str: 11    XL:     1   Next: 80%
Magic:  1/1        EV: 13    Int: 12    God:
Gold:   13         SH:  0    Dex: 13    Spells: 0/0 levels left

rFire   . . .        a - +0 short sword
rCold   . . .        (no shield)
rNeg    . . .        (helmet restricted)
rPois   .            (no amulet)
rElec   .            (no ring)
rCorr   .            (no ring)
SInv    .            (no ring)
Will    .....        (no ring)
Stlth   ++++         (no ring)
HPRegen 0.22/turn    (no ring)
MPRegen 0.07/turn    (no ring)
                     (no ring)

%: no passive effects
@: no status effects
A: almost no armour, amphibious, 8 rings, camouflage 1, gelatinous body 1,
(nimble swimmer 1), tentacles
a: no special abilities


You were on level 3 of the Dungeon.
You visited 1 branch of the dungeon, and saw 3 of its levels.

You collected 13 gold pieces.

Inventory:

Hand Weapons
 a - a +0 short sword (weapon)
Wands
 f - a wand of digging (3)
Scrolls
 b - a scroll of fog
 d - a scroll of fear
Potions
 c - a potion of cancellation {unknown}
 e - a potion of haste


   Skills:
 + Level 3.1 Fighting
 + Level 2.1 Short Blades
 + Level 2.1 Dodging
 + Level 6.7 Stealth


You couldn't memorise any spells.
You didn't know any spells.
Your spell library was empty.

Dungeon Overview and Level Annotations

Branches:
Dungeon (5/15)
 Temple: D:4-7

Altars:
Fedhas

Annotations:
D:5 Edmund


Innate Abilities, Weirdness & Mutations

You cannot wear most types of armour.
You are amphibious.
You can wear up to eight rings at the same time.
Your skin changes colour to match your surroundings (Stealth+).
Your rubbery body absorbs attacks. (AC +1, EV +1)
((You are camouflaged when in or above water. (Stealth+)))
You have tentacles for arms and can constrict up to eight enemies at once.


Message History

You kill the bat!
Found a helmet and a smoky orange potion.
c - a smoky orange potion You see here a +0 helmet.
Found 13 gold pieces.
Found a hand axe.
You now have 13 gold pieces.
An orc comes into view. It is wielding a +0 club.
You closely miss the orc. You grab the orc.
You squeeze the orc, but do no damage.
You constrict the orc, but do no damage.
The orc hits you with a +0 club.
You hit the orc.
The orc is moderately wounded.
You constrict the orc. The orc closely misses you.
You hit the orc. You squeeze the orc.
The orc is severely wounded.
You constrict the orc, but do no damage.
The orc barely misses you.
You hit the orc.
You kill the orc! 2 orcs and a sleepcap come into view.
The orc shouts!
You hear a shout!
The orc moves out of view.
Things that are here:
a +0 club; a +0 leather armour The orc hits you with a +0 whip.
You hit the orc but do no damage. Your grab misses the orc.
You squeeze the orc.
The orc is severely wounded.
You hit the orc. You grab the orc.
The orc is severely wounded.
You constrict the orc, but do no damage.
The orc hits you with a +0 whip.
* * * LOW HITPOINT WARNING * * *
You hit the orc but do no damage.
The orc is severely wounded.
You constrict the orc, but do no damage.
The orc hits you with a +0 whip.
You die...

.##..##.#.o.... ###
.f............. ..# #.
#)# # #.# #.###.#)# ..#
#.......# #.# ###...###
#.# #o### ..##########
#o# ......[....#
#@######..
#.#..#.#.#.#####.........
#....#.#..........###.#.
##..##...#.######.#
#8..8#.#.#.# #.#
..>........# #.#
...†.....### #.#
#8..8##### #.. ##..## ###


You could see 2 orcs.

Vanquished Creatures
  An orc (D:3)
  A bat (D:3)
  A hobgoblin (D:3)
  A frilled lizard (D:3)
4 creatures vanquished.

Notes
Turn   | Place    | Note
-------+----------+-------------------------------------------
     0 | D:5      | Chiseanne the Octopode Delver began the quest for the Orb.
     0 | D:5      | Reached XP level 1. HP: 16/16 MP: 1/1
     0 | D:5      | Noticed Edmund
     6 | D:4      | Found a blossoming altar of Fedhas.
    89 | D:3      | Noticed a sleepcap
   100 | D:3      | Slain by an orc

Illustrated notes

Levels and vault maps discovered:
D:3:      layout_loops_cross, grunt_nemelex_the_gamble,
          nicolae_concentric_dashed_squares_mild, minivault_25,
          serial_bayou_ford_a, st_stairs_6, minmay_checkerbox, uniq_pargi,
          uniq_robin, uniq_natasha
D:4:      layout_layer_cave, kennysheep_mini, minmay_manual_mess, uniq_menkaure
D:5:      layout_cave_pools, nicolae_gozag_conspicuous_consumption,
          serial_co_window_serial, co_window_corner_a, co_window_paths_a,
          co_window_corner_a, co_window_of_opportunity_a, co_window_corner_a,
          co_window_paths_a, co_window_of_opportunity_a, co_window_broadway_a,
          co_window_broadway_b, co_window_broadway_a, co_window_4corner_b,
          co_window_paths_e, glass_columns_c, glass_columns_c, glass_columns_c,
          glass_columns_c, glass_columns_b, uniq_edmund

Action                     || total
---------------------------++-------
  Melee: Short sword       ||    13
         Constrict         ||     3
         Tentacles         ||     3
    Use: Scroll            ||     1
   Stab: Sleeping          ||     2
 Armour: Skin              ||     1
  Dodge: Dodged            ||     8
